 Dungeon Crawl Stone Soup version 0.31.0-9-g3a7656b989 (webtiles) character file.

Game seed: 6489501828591760367

45 Colgate the Shield-Bearer (level 3, -1/33 HPs)
             Began as a Minotaur Fighter on Jan 24, 2024.
             Was an Initiate of Yredelemnul.
             Slain by an orc wizard
             ... wielding a +0 dagger
              (3 damage)
             ... on level 3 of the Dungeon.
             The game lasted 00:01:09 (1663 turns).

Colgate the Shield-Bearer (Minotaur Fighter)        Turns: 1663, Time: 00:01:10

Health: -1/33      AC:  7    Str: 22    XL:     3   Next: 42%
Magic:  2/2        EV:  9    Int:  5    God:    Yredelemnul [......]
Gold:   142        SH:  4    Dex:  9    Spells: 2/2 levels left

rFire   . . .        a - +0 war axe
rCold   . . .        c - +0 buckler
rNeg    . . .        b - +0 scale mail
rPois   .            (helmet restricted)
rElec   .            (no cloak)
rCorr   .            (no gloves)
SInv    .            (no boots)
Will    .....        (no amulet) Stlth
                     (no ring)
HPRegen 0.25/turn    (no ring)
MPRegen 0.08/turn

%: no passive effects
@: no status effects
A: horns 2, retaliatory headbutt
a: Renounce Religion, Recall Undead Harvest


You were on level 3 of the Dungeon.
You worshipped Yredelemnul.
Yredelemnul was noncommittal.
You visited 1 branch of the dungeon, and saw 3 of its levels.

You collected 142 gold pieces.

Inventory:

Hand Weapons
 a - a +0 war axe (weapon)
Armour
 b - a +0 scale mail (worn)
 c - a +0 buckler (worn)
 i - a +2 pair of gloves
 o - a +0 pair of gloves
Jewellery
 f - a +6 ring of intelligence
Scrolls
 g - a scroll of vulnerability {unknown}
 h - a scroll of teleportation {unknown}
 l - 3 scrolls of identify {unknown}
 n - 2 scrolls of poison {unknown}
Potions
 d - 2 potions of might {@q3}
 e - a potion of mutation {unknown}
 j - a potion of attraction {unknown}
 k - 2 potions of enlightenment {unknown}
 m - 2 potions of brilliance {unknown}
 p - a potion of berserk rage {unknown}
 q - a potion of invisibility {unknown}


   Skills:
 * Level 4.1 Fighting
 * Level 3.0 Axes
 * Level 4.1 Armour
 * Level 4.2 Shields
 + Level 0.4 Invocations


You had 2 spell levels left.
You didn't know any spells.
Your spell library contained the following spells:

 Spells                   Type           Power      Damage    Failure   Level
 Gell's Gravitas          Tloc           0%         N/A       99%         3
 Teleport Other           Tloc           0%         N/A       99%         3
 Dispersal                Tloc           0%         N/A       100%        6


Dungeon Overview and Level Annotations

Branches:
Dungeon (3/15)

Altars:
Yredelemnul

Shops:
D:2 :

Annotations:
D:3 1 runed translucent door, crabbadon's ghost, amateur TeSu


Innate Abilities, Weirdness & Mutations

You have a pair of horns on your head.
You reflexively headbutt those who attack you in melee.


Message History

You miss the orc. You miss the orc wizard.
You feel less confused. The rat bites your ribbon worm zombie.
You block the orc's attack.
The orc hits your orc zombie with a +0 hand axe.
The orc hits your ribbon worm zombie with a +0 hand axe.
The orc wizard hits you with a +0 dagger.
* * * LOW HITPOINT WARNING * * *
Your orc zombie hits the orc but does no damage.
Your ribbon worm zombie bites the rat but does no damage.
The orc hits your orc zombie with a +0 hand axe.
The orc barely misses you.
The orc hits your ribbon worm zombie with a +0 hand axe.
The orc wizard gestures wildly while chanting.
The orc wizard flickers and vanishes!
Deactivating autopickup; reactivate with Ctrl-A.
The rat bites your ribbon worm zombie.
Your ribbon worm zombie is destroyed!
You slash the orc!
You kill the orc!
You miss something. The rat bites your orc zombie.
Your orc zombie is destroyed!
Something hits you but does no damage.
You closely miss something. Something hits you but does no damage.
You closely miss something. You closely miss the rat.
Something hits you but does no damage. You block the rat's attack.
The rat closely misses you. You furiously retaliate!
You headbutt the rat!
You kill the rat!
The dead are walking!
Something hits you but does no damage.
You miss something. Something hits you.
* * * LOW HITPOINT WARNING * * *
You miss something. Something hits you.
* * * LOW HITPOINT WARNING * * *
You barely miss something. Your headbutt misses something.
You hear some strange, mumbled words.
A magic dart appears from out of thin air!
The magic dart hits you.
* * * LOW HITPOINT WARNING * * *
Something hits you.
You die...
Your body rises from the dead as a mindless zombie.

..#
###.#.......###........##
#..#
#.#............#..<....
##. #+###.......#.....
#.#.##..
............###### #
#..... ####........#
.#####. #........#
#....... #........#
########
.......#...####.. .....
#.......##@Z...... ...##
#......###.{......
#...... #........ #......
#........ ..[...
#........ #........
#........ #########


You could see a friendly rat zombie.

Vanquished Creatures
  An adder (D:3)
  2 ribbon worms
  2 orcs (D:3)
  A ball python (D:1)
  5 bats
  3 endoplasms
  2 giant cockroaches
  4 goblins (D:1)
  3 hobgoblins (D:2)
  A kobold (D:1)
  3 rats
27 creatures vanquished.

Vanquished Creatures (collateral kills)
  A bat (D:1)
1 creature vanquished.

Vanquished Creatures (others)
  A ribbon worm zombie (D:3)
  A bat zombie (D:3)
  An endoplasm zombie (D:3)
  An orc zombie (D:3)
4 creatures vanquished.

Grand Total: 32 creatures vanquished

Notes
Turn   | Place    | Note
-------+----------+-------------------------------------------
     0 | D:1      | Colgate the Minotaur Fighter began the quest for the Orb.
     0 | D:1      | Reached XP level 1. HP: 19/19 MP: 0/0
   287 | D:1      | Found a faded altar of an unknown god.
   381 | D:1      | Prayed at the altar of an unknown god.
   381 | D:1      | Became a worshipper of Yredelemnul the Dark
   381 | D:1      | Reached * piety under Yredelemnul
   505 | D:1      | Reached XP level 2. HP: 26/27 MP: 1/1
   946 | D:2      | Found Dovvaoz's Book Emporium.
  1493 | D:3      | Reached XP level 3. HP: 33/33 MP: 2/2
  1499 | D:3      | Noticed crabbadon's ghost (amateur TeSu)
  1502 | D:3      | Found a runed translucent door.
  1663 | D:3      | Slain by an orc wizard

Illustrated notes

Levels and vault maps discovered:
D:1:      nzn_arrival_depleted_hourglass, layout_loops_ring,
          basic_ecumenical_altar, serial_bayou, serial_bayou_pond_b,
          serial_bayou_lake_a, serial_bayou_pond_c, serial_bayou_shore_a
D:2:      layout_loops_ring, serial_shops, shop, nrook_mini_backslash
D:3:      layout_basic, lemuel_doored_altar, hellmonk_ghost_happy_afterlife,
          minmay_lizard_king, uniq_sigmund

Skill      XL: |  1  2  3 |
---------------+----------+-----
Fighting       | 4 |  4.1
Shields        | 4 |  4.2
Armour         | 4 |  4.1
Axes           | 3 |  3.0
Invocations    | |  0.4

Action                     || total
---------------------------++-------
  Melee: War axe           ||    60
         Headbutt          ||     6
 Armour: Scale mail        ||    47
  Dodge: Dodged            ||    22
  Block: Buckler           ||    16
